 Dungeon Crawl Stone Soup version 0.24-a0-630-g0d56a851f4 (webtiles) character file.

Game seed: 7129979522991754293, levelgen mode: deterministic

1155 1994 the Chopper (level 8, -1/63 HPs)
             Began as a Formicid Abyssal Knight on Sept 20, 2019.
             Was a Priest of Lugonu.
             Slain by a two-headed ogre
             ... wielding a +0 giant club
              (30 damage)
             ... on level 6 of the Dungeon.
             The game lasted 00:27:08 (7149 turns).

1994 the Chopper (Formicid Abyssal Knight)          Turns: 7149, Time: 00:27:08

Health: -1/63      AC: 11    Str: 17    XL:     8   Next: 66%
Magic:  11/11      EV:  6    Int: 14    God:    Lugonu [***...]
Gold:   302        SH:  0    Dex: 10    Spells: 7/7 levels left

rFire    . . .     SeeInvis +   a - +2 hand axe (elec)
rCold    . . .     Gourm    .   (no shield)
rNeg     . . .     Faith    .   z - +0 plate armour
rPois    .         Spirit   .   (helmet unavailable)
rElec    .         Reflect  .   (no cloak)
rCorr    +         Harm     .   (no gloves)
MR       .....                  (no boots)
Stlth    ..........             C - amulet of magic regeneration
HPRegen  0.20/turn              k - ring of resist corrosion
MPRegen  0.37/turn              (no ring)

@: no status effects
A: permanent stasis, dig shafts and tunnels, four strong arms, antennae 3
a: Dig, Shaft Self, Depart the Abyss, Bend Space, Banish, Renounce Religion


You were on level 6 of the Dungeon.
You worshipped Lugonu.
Lugonu was most pleased with you.
You were very hungry.

You visited 1 branch of the dungeon, and saw 6 of its levels.
You visited the Abyss 1 time.
You also visited: Sewer.

You collected 302 gold pieces.

Inventory:

Hand Weapons
 a - a +2 hand axe of electrocution (weapon)
 b - a +0 hunting sling
 r - a +0 morningstar
Missiles
 j - 137 stones (quivered)
 s - 44 sling bullets
Armour
 i - a +0 chain mail
 v - a +0 scale mail
 z - a +0 plate armour (worn)
Jewellery
 k - a ring of resist corrosion (left hand)
 C - an amulet of magic regeneration (around neck)
Wands
 w - a wand of polymorph (6)
 x - a wand of enslavement (7)
 y - a wand of clouds (3)
Scrolls
 e - a scroll of fear
 f - a scroll of enchant armour {unknown}
 g - a scroll of amnesia
 l - a scroll of noise {unknown}
 p - a scroll of fog
 u - 2 scrolls of remove curse
 D - a scroll of magic mapping
Potions
 d - a potion of might
 h - a potion of cancellation {unknown}
 m - 3 potions of haste
 n - a potion of resistance {unknown}
 o - 3 potions of curing
 q - 4 potions of flight
 t - a potion of degeneration {unknown}
 A - 2 potions of lignification {unknown}
 B - a potion of magic {unknown}
Comestibles
 c - 8 rations


   Skills:
 + Level 5.6 Fighting
 * Level 6.1 Axes
 + Level 3.7 Armour
 + Level 3.7 Dodging
 + Level 5.3 Invocations


You had 7 spell levels left.
You didn't know any spells.
Your spell library contained the following spells:

 Spells                   Type           Power        Failure   Level  Hunger
 Animate Skeleton         Necr           N/A          100%        1    ##.....
 Apportation              Tloc           #.....       100%        1    ##.....
 Confusing Touch          Hex            #.....       100%        1    ##.....
 Summon Small Mammal      Summ           #...         100%        1    ##.....


Dungeon Overview and Level Annotations

Branches:
Dungeon (6/15)              Sewer (visited)
 Temple: D:4-7

Altars:
Ashenzari
Hepliaklqana
Makhleb
Okawaru
Sif Muna
Vehumet
Yredelemnul

Annotations:
D:3 Grinder


Innate Abilities, Weirdness & Mutations

You cannot be hasted, slowed, berserked, paralysed or teleported.
You can dig through walls and to a lower floor.
Your four strong arms can wield two-handed weapons with a shield.
You have a pair of large antennae on your head. (SInv)


Message History

The two-headed ogre is engulfed in noxious fumes.
The two-headed ogre appears confused.
Unknown command.
Unknown command.
The two-headed ogre is engulfed in noxious fumes.
Unknown command.
Unknown command.
The two-headed ogre is engulfed in noxious fumes.
The two-headed ogre appears confused.
Unknown command.
Unknown command.
The two-headed ogre is engulfed in noxious fumes.
Unknown command.
Unknown command.
You slash the two-headed ogre!
The two-headed ogre is lightly wounded.
The two-headed ogre is engulfed in noxious fumes.
The two-headed ogre appears confused.
The two-headed ogre hits you with a +0 giant club!!
You die...

#.......#####..#......
#......'#.#.#'........
#.....##..#..##.......
####.⌠#.._#_..#⌠......
#.###########......
#.⌠# #_..#⌠......
#..## #..##.......
#.§O+# #.#'........
#.@§§# ###..#......
####☼☼§#⌠..........
#########......
#...... #######


You could see a two-headed ogre (confused).

Vanquished Creatures
  Sigmund (D:4)
  Purgy (Sewer)
  2 ice beasts
  A phantom (D:5)
  An ogre (D:5)
  A water moccasin skeleton (D:5)
  A crimson imp (D:6)
  2 orc priests
  A hound (D:6)
  2 worker ants (D:6)
  Natasha (thrice) (D:2)
  2 orc wizards
  6 adders
  3 shadow imps (D:5)
  8 worms
  A dart slug (D:1)
  2 leopard geckos
  13 orcs
  6 giant cockroaches
  5 goblins
  8 hobgoblins
  14 jackals
  4 kobolds
  2 quokkas
  4 ball pythons
  7 bats
  7 frilled lizards
  A quokka skeleton (D:2)
  5 rats
114 creatures vanquished.

Notes
Turn   | Place    | Note
-------+----------+-------------------------------------------
     0 | Abyss:1  | 1994 the Formicid Abyssal Knight began the quest for the
                  | Orb.
     0 | Abyss:1  | Reached XP level 1. HP: 18/18 MP: 2/2
    71 | Abyss:1  | Found a corrupted altar of Lugonu.
    98 | D:1      | Escaped the Abyss
   383 | D:1      | Reached skill level 1 in Dodging
   526 | D:1      | Reached XP level 2. HP: 24/24 MP: 3/3
   557 | D:1      | Found a shattered altar of Ashenzari.
   926 | D:1      | Reached ** piety under Lugonu
   926 | D:1      | Reached XP level 3. HP: 27/29 MP: 4/4
  1025 | D:2      | Noticed Natasha
  1099 | D:2      | Killed Natasha
  1099 | D:2      | Reached XP level 4. HP: 20/37 MP: 4/6
  1171 | D:2      | Reached skill level 3 in Axes
  1240 | D:2      | Found a basalt altar of Yredelemnul.
  1265 | D:2      | Noticed Natasha
  1530 | D:2      | Killed Natasha
  1744 | D:2      | Found a faded altar of an unknown god.
  1861 | D:2      | Reached XP level 5. HP: 42/42 MP: 7/7
  1951 | D:2      | Noticed Natasha
  1966 | D:2      | Killed Natasha
  2839 | D:3      | Reached XP level 6. HP: 20/48 MP: 8/8
  2946 | D:3      | Reached skill level 4 in Axes
  2958 | D:3      | Reached *** piety under Lugonu
  2976 | D:3      | Found a glowing drain.
  3018 | Sewer    | Entered a sewer
  3218 | Sewer    | Noticed Purgy
  3226 | Sewer    | Killed Purgy
  3872 | D:3      | Noticed Grinder
  4272 | D:4      | Noticed Sigmund
  4293 | D:4      | Killed Sigmund
  4293 | D:4      | Reached XP level 7. HP: 17/55 MP: 10/10
  5305 | D:5      | Entered Level 5 of the Dungeon
  5571 | D:5      | Reached skill level 5 in Axes
  5682 | D:5      | Found an iron altar of Okawaru.
  5987 | D:4      | Reached skill level 5 in Fighting
  6019 | D:5      | Reached XP level 8. HP: 49/62 MP: 11/11
  6268 | D:5      | Reached skill level 5 in Invocations
  6630 | D:6      | Found a hazy altar of Hepliaklqana.
  6650 | D:6      | Found a burning altar of Makhleb.
  6653 | D:6      | Reached skill level 6 in Axes
  7115 | D:6      | Found a shimmering blue altar of Sif Muna.
  7129 | D:6      | Found a radiant altar of Vehumet.
  7138 | D:6      | Noticed a two-headed ogre
  7149 | D:6      | Slain by a two-headed ogre

Levels and vault maps discovered:
D:1:      lemuel_arrival_tunnels, layout_basic, evilmike_ruin_ashenzari
D:2:      layout_basic, lemuel_crystal_altar, chequers_ecumenical_altar_grove,
          uniq_natasha
D:3:      layout_basic, first_ration, cheibrodos_sewer_entry_bend,
          chequers_serial_rivers_large_a, uniq_grinder
D:4:      layout_basic, uniq_sigmund
D:5:      layout_loops_corners, nicolae_overflow_crystal_walls
D:6:      layout_basic, nicolae_overflow_quartered_altars, lemuel_crystal_altar,
          eino_tiny_chamber

Skill      XL: |  1  2  3  4  5  6  7  8 |
---------------+-------------------------+-----
Dodging        | 1 2 3 |  3.7
Axes           | 3 4 5 6 |  6.1
Invocations    | 3 4 5 |  5.3
Fighting       | 4 5 |  5.6
Armour         | 3 |  3.7

Action                   |  1- 3 |  4- 6 |  7- 9 || total
-------------------------+-------+-------+-------++-------
Melee: Hand axe          |    71 |   231 |   133 ||   435
 Fire: Hunting sling     |       |    14 |     6 ||    20
Invok: Bend Space        |       |     1 |     2 ||     3
Evoke: Wand              |       |       |     1 ||     1
  Use: Scroll            |       |     6 |     7 ||    13
       Potion            |       |     1 |       ||     1
 Stab: Sleeping          |       |     1 |       ||     1
  Eat: Chunk             |     1 |     9 |     9 ||    19
Armor: Leather armour    |    16 |     5 |       ||    21
       Ring mail         |       |    27 |       ||    27
       Scale mail        |       |    33 |       ||    33
       Chain mail        |       |    15 |    20 ||    35
       Plate armour      |       |       |    80 ||    80
Dodge: Dodged            |    46 |   100 |    54 ||   200

Table legend:
 A = Non-vault XP
 B = Vault XP
 C = Vault XP percentage of total XP
 D = Non-vault monster count
 E = Vault monster count
 F = Vault count percentage of total count
                 A         B        C        D         E       F
            +---------+---------+-------+---------+---------+-------
      Total |    1233 |     418 |  25.3 |     105 |       9 |   7.9
            +---------+---------+-------+---------+---------+-------
        D:1 |      30 |       0 |   0.0 |      17 |       0 |   0.0
        D:2 |     124 |      35 |  22.0 |      25 |       1 |   3.8
        D:3 |     138 |      10 |   6.8 |      25 |       2 |   7.4
        D:4 |     133 |     227 |  63.1 |       7 |       1 |  12.5
        D:5 |     540 |       0 |   0.0 |      18 |       0 |   0.0
        D:6 |     268 |       0 |   0.0 |      13 |       0 |   0.0
      Sewer |       0 |     146 | 100.0 |       0 |       5 | 100.0
            +---------+---------+-------+---------+---------+-------
